 Dungeon Crawl Stone Soup version 0.28-a0-43-g560ac104fe (webtiles) character file.

Game seed: 13659932956361228407

298278 Mesmaeker13 the Necromancer (level 20, 0/109 HPs)
             Began as a Deep Elf Ice Elementalist on July 27, 2021.
             Was the Champion of Vehumet.
             Slain by a spark wasp (13 damage)
             ... on level 1 of the Depths on July 28, 2021.
             The game lasted 03:48:14 (73581 turns).

Mesmaeker13 the Necromancer (DEIE)                 Turns: 73581, Time: 03:48:16

Health: 0/109      AC: 13    Str:  6    XL:     20   Next: 12%
Magic:  17/41      EV: 17    Int: 29    God:    Vehumet [******]
Gold:   2031       SH: 14    Dex: 19    Spells: 8/49 levels left

rFire   + . .      SeeInvis +   O - +7 hunting sling "Koumm" {freeze, Contam *Slow rPois rC+++}
rCold   + + .      Faith    .   l - +2 kite shield {reflect}
rNeg    . . .      Spirit   .   x - +1 leather armour of the Game Afoot {Dex+4 SInv Stlth+}
rPois   +          Reflect  +   p - +2 helmet
rElec   .          Harm     .   k - +0 cloak
rCorr   .          Rampage  .   G - +1 pair of gloves {Stlth+}
Will    +++..                   v - +2 pair of boots
Stlth   ++++......              M - amulet of magic regeneration
HPRegen 0.28/turn               d - ring of willpower
MPRegen 0.52/turn               H - ring of fire

@: slowed, studying Invocations, very slow
A: no striking features
}: 2/15 runes: decaying, gossamer
a: Renounce Religion


You were on level 1 of the Depths.
You worshipped Vehumet.
Vehumet was exalted by your worship.
You visited 9 branches of the dungeon, and saw 37 of its levels.
You also visited: Gauntlet and Wizlab.

You collected 5692 gold pieces.
You spent 3661 gold pieces at shops.

Inventory:

Hand Weapons
 n - a +0 long sword
 y - the +7 war axe of Recklessness {freeze, rElec rPois Str-4}
   (You bought it in a shop on level 2 of the Orcish Mines)

   It freezes those it strikes, dealing additional cold damage.
   It can also slow down cold-blooded creatures.
   Str:       It affects your strength (-4).
   rElec:     It insulates you from electricity.
   rPois:     It protects you from poison.
 O - the +7 hunting sling "Koumm" (weapon) {freeze, Contam *Slow rPois rC+++}
   (You found it on level 5 of the Dungeon)

   Any ammunition fired from it freezes those it strikes, dealing additional
   cold damage.
   It can also slow down cold-blooded creatures.
   rC:        It renders you almost immune to cold.
   rPois:     It protects you from poison.
   Contam:    It causes magical contamination when unequipped.
   *Slow:     It may slow you when you take damage.
Missiles
 b - 11 curare-tipped darts (quivered)
 e - 7 throwing nets
Armour
 k - a +0 cloak (worn)
 l - a +2 kite shield of reflection (worn)
 p - a +2 helmet (worn)
 r - a +1 robe of the Archmagi
 t - a +0 robe of resistance
 v - a +2 pair of boots (worn)
 x - the +1 leather armour of the Game Afoot (worn) {Dex+4 SInv Stlth+}
   (You bought it in a shop on level 2 of the Orcish Mines)

   Dex:       It affects your dexterity (+4).
   SInv:      It lets you see invisible.
   Stlth:     It makes you more stealthy.
 G - a +1 pair of gloves of stealth (worn)
 S - the +2 robe of Vines {NoPotionHeal Regen+++}
   (You bought it in a shop on level 2 of the Dungeon)

   Its wearer cannot be healed by potions.
   Regen:     It increases your rate of health regeneration.
Jewellery
 d - a ring of willpower (left hand)
 w - the ring of the Hare {EV+8}
   (You took it off a deep elf pyromancer on level 3 of the Elven Halls)

   [ring of evasion]

   EV:        It affects your evasion (+8).
 D - a ring of willpower
 H - a ring of fire (right hand)
 I - a ring of positive energy
 J - the ring "Ydghuara" {Str+4 Int+6}
   (You found it on level 1 of the Depths)

   [ring of intelligence]

   Str:       It affects your strength (+4).
   Int:       It affects your intelligence (+6).
 K - the ring "Dics" {Fly rC+ Int+5 Slay+2}
   (You found it on level 4 of the Swamp)

   [ring of flight]

   Int:       It affects your intelligence (+5).
   Slay:      It affects your accuracy & damage with ranged weapons and melee
   (+2).
   rC:        It protects you from cold.
   Fly:       It grants you flight.
 M - an amulet of magic regeneration (around neck)
Wands
 f - a wand of acid (7)
 u - a wand of digging (11)
 P - a wand of iceblast (6)
Scrolls
 c - a scroll of silence
 i - 2 scrolls of brand weapon
 j - a scroll of enchant weapon
 m - 3 scrolls of amnesia
 o - 9 scrolls of fog
 q - 3 scrolls of torment
 A - 4 scrolls of noise
 B - 3 scrolls of vulnerability
 C - 2 scrolls of identify
 E - 6 scrolls of magic mapping
 F - a scroll of teleportation
 N - 2 scrolls of holy word
 R - a scroll of summoning
Potions
 a - 2 potions of resistance
 g - 4 potions of flight
 h - 8 potions of ambrosia
 s - 7 potions of cancellation
 z - 2 potions of might
 L - 2 potions of brilliance
 Q - 2 potions of curing
 U - 3 potions of haste
Miscellaneous
 V - a phantom mirror


   Skills:
 - Level 6.5 Fighting
 - Level 11.0 Dodging
 - Level 3.1 Stealth
 + Level 11.8 Shields
 + Level 15.1 Spellcasting
 - Level 13.6 Conjurations
 + Level 17.3 Necromancy
 - Level 14.6 Ice Magic
 - Level 14.3 Air Magic
 + Level 14.6 Earth Magic


You had 8 spell levels left.
You knew the following spells:

 Your Spells              Type           Power      Damage    Failure   Level
a - Simulacrum            Ice/Necr       43%        N/A       1%          6
b - Leda's Liquefaction   Hex/Erth       29%        N/A       2%          4
c - Ozocubu's Armour      Ice            82%        N/A       1%          3
d - Hailstorm             Conj/Ice       81%        3d16      1%          4
e - Iskenderun's Mystic   Conj/Tloc      57%        2d12      1%          4
f - Freezing Cloud        Conj/Ice/Air   40%        6-21      1%          5
g - Sublimation of Blood  Necr           44%        N/A       0%          2
h - Airstrike             Air            40%        N/A       1%          4
i - Borgnjor's Vile Clut  Necr/Erth      43%        N/A       1%          5
j - Summon Ice Beast      Ice/Summ       59%        N/A       2%          4

Your spell library contained the following spells:

 Spells                   Type           Power      Damage    Failure   Level
 Lehudib's Crystal Spear  Conj/Erth      40%        10d10     26%         8
 Ignition                 Fire           16%        3d6       100%        8
 Chain Lightning          Conj/Air       40%        3d53      98%         9
 Animate Skeleton         Necr           100%       N/A       0%          1
 Freeze                   Ice            100%       1d11      0%          1
 Pain                     Necr           100%       1d9       0%          1
 Sandblast                Erth           100%       2d20      0%          1
 Shock                    Conj/Air       100%       1d9       0%          1
 Corpse Rot               Necr/Air       N/A        N/A       0%          2
 Vampiric Draining        Necr           44%        2d12      0%          3
 Foxfire                  Conj/Fire      100%       2x1d9     1%          1
 Frozen Ramparts          Ice            100%       1d12      1%          3
 Stone Arrow              Conj/Erth      100%       3d13      1%          3
 Swiftness                Air            81%        N/A       1%          3
 Dispel Undead            Necr           89%        3d28      1%          4
 Agony                    Necr           89%        N/A       1%          5
 Iskenderun's Battlesphe  Conj           79%        2d13      1%          5
 Death Channel            Necr           44%        N/A       1%          6
 Iron Shot                Conj/Erth      40%        9d8       1%          6
 Ice Form                 Ice/Tmut       59%        N/A       2%          4
 Petrify                  Tmut/Erth      59%        N/A       2%          4
 Irradiate                Conj/Tmut      28%        3d23      2%          5
 Sting                    Tmut/Pois      84%        1d7       5%          1
 Blink                    Tloc           N/A        N/A       8%          2
 Slow                     Hex            21%        N/A       8%          2
 Wereblood                Tmut           21%        N/A       8%          2
 Starburst                Conj/Fire      37%        8x6d11    13%         6
 Call Canine Familiar     Summ           21%        N/A       16%         3
 Confusing Touch          Hex            21%        N/A       16%         3
 Portal Projectile        Hex/Tloc       42%        N/A       16%         3
 Spellforged Servitor     Conj/Summ      28%        N/A       54%         7
 Haunt                    Necr/Summ      32%        N/A       77%         7
 Manifold Assault         Tloc           21%        N/A       82%         5
 Summon Forest            Summ/Tloc      10%        N/A       82%         5
 Summon Mana Viper        Hex/Summ       21%        N/A       82%         5
 Eringya's Noxious Bog    Tmut/Pois      10%        N/A       86%         6
 Storm Form               Tmut/Air       29%        N/A       93%         7
 Monstrous Menagerie      Summ           10%        N/A       100%        7
 Summon Hydra             Summ           10%        N/A       100%        7
 Polar Vortex             Ice            41%        N/A       95%         9
 Shatter                  Erth           41%        3d32*     95%         9
 Fire Storm               Conj/Fire      37%        8d10      100%        9


Dungeon Overview and Level Annotations

Branches:
Dungeon (15/15)            Temple (1/1) D:7            Lair (6/6) D:10
  Swamp (4/4) Lair:2       Spider (4/4) Lair:3        Slime (0/5) Lair:5
    Orc (2/2) D:11            Elf (3/3) Orc:2        Vaults (1/5) D:13
 Depths (1/5) D:15         WizLab (visited)         Gauntlet (visited)

Altars:
Ashenzari
Cheibriados
Elyvilon
Fedhas
Hepliaklqana
Nemelex Xobeh
Ru
Trog
Vehumet
Wu Jian
Xom
Yredelemnul
Beogh

Shops:
D:2 ?[   D:7 *   D:8 [   D:13 (   Orc:2 ([:?   Elf:3 (

Portals:
Hell: Depths:1
Ziggurat: Depths:1

Annotations:
D:15 2 runed translucent doors, Himuttisk's ghost, adept DESu
Spider:3 Roxanne
Orc:1 Donald


Message History

That beam is likely to hit you.
Continue anyway?
You are engulfed in freezing vapours.
You resist.
You feel yourself slow down.
You hear an angry buzzing noise. x2
The spark wasp is engulfed in freezing vapours. x2
The spark wasp bursts into living lightning!
The living lightning hits the spark wasp.
The spark wasp completely resists.
The living lightning hits you!
The spark wasp blinks!
Unknown command.
Casting: Freezing Cloud (safe; 1% risk of failure)
Confirm with . or Enter, or press ? or * to list all spells.
Aiming: Airstrike (safe; 1% risk of failure)
Press: ? - help, Dir - move target, f - spark wasp
Aim: a spark wasp (freezing vapour, lightly wounded)
The air twists around and strikes the spark wasp!
The spark wasp is heavily wounded.
The spark wasp is engulfed in freezing vapours.
The spark wasp closely misses you.
The spark wasp is engulfed in freezing vapours. x3
You block the spark wasp's attack. The spark wasp barely misses you.
The spark wasp is engulfed in freezing vapours.
The spark wasp stings you! The spark wasp shocks you!
The spark wasp is engulfed in freezing vapours.
The spark wasp closely misses you.
Casting: Airstrike (safe; 1% risk of failure)
Confirm with . or Enter, or press ? or * to list all spells.
Aiming: Airstrike (safe; 1% risk of failure)
Press: ? - help, Dir - move target, f/p - spark wasp
Aim: a spark wasp (freezing vapour, severely wounded)
The air twists around and strikes the spark wasp!
The spark wasp is almost dead.
The spark wasp buzzes angrily.
The spark wasp stings you! The spark wasp shocks you!
* * * LOW HITPOINT WARNING * * *
The spark wasp misses you.
The spark wasp is engulfed in freezing vapours.
The spark wasp stings you!!
* * * LOW HITPOINT WARNING * * *
The spark wasp shocks you!
You die...

#.##'#.#.....###
#....###.......#
#.....#........#
###'#.'.......##
#...####......#
#......###....#
#####.......#....#
##...####'#..#.#y##
......#...######@.#
......'..^..÷.§yy§#
......##......§§§.#
.......#'#...#y####
.........##..#..#
###....∩..####..#
##........+...#
##.......#...#
#.)..####.)..


You could see 4 spark wasps.

Vanquished Creatures
  Nikola (Swamp:3)
  Arachne (Spider:3)
  Rupert (Lair:4)
  3 deep elf blademasters
  2 deep elf master archers (Elf:3)
  A thorn hunter (Swamp:4)
  A tengu reaver (Depths:1)
  The ghost of Deep1 the Sorcerer, an adept DECj of Gozag (Elf:3)
  Kirke (Lair:6)
  3 deep elf sorcerers (Elf:3)
  A fire giant (D:15)
  An azure jelly (Swamp:4)
  A frost giant (Depths:1)
  Louise (Swamp:2)
  2 emperor scorpions (Spider:4)
  A ghost moth (Spider:4)
  2 orc warlords
  A deep elf elementalist (Elf:3)
  3 stone giants (Depths:1)
  11 deep elf demonologists
  2 vampire knights (Depths:1)
  5 bunyips
  2 spark wasps
  13 purple draconians (WizLab)
  6 deep elf annihilators
  3 eleionomae
  4 entropy weavers
  Snorg (Lair:6)
  A shambling mangrove (Swamp:3)
  6 deep elf death magi (Elf:3)
  7 statues (WizLab)
  Josephine (Orc:1)
  An ettin (Depths:1)
  2 deep elf high priests (Elf:3)
  Harold (Orc:1)
  4 boulder beetles
  A rakshasa (Depths:1)
  14 hydras
  4 ghost crabs
  3 ice dragons (Swamp:4)
  A juggernaut simulacrum (Depths:1)
  Erica (Orc:1)
  5 centaur warriors
  An ogre mage (D:15)
  2 death knights
  A spriggan air mage (Swamp:4)
  8 alligators
  8 two-headed ogres
  3 deep troll shamans (Depths:1)
  4 tengu warriors
  A vampire mage (Depths:1)
  30 dancing weapons
  3 orc high priests
  10 spriggans
  Urug (D:13)
  Sonja (Lair:3)
  5 skeletal warriors
  13 deep elf knights
  2 iron trolls (Depths:1)
  A storm dragon skeleton (Depths:1)
  2 goliath frogs
  A glowing orange brain (Depths:1)
  6 bog bodies
  5 deep trolls (Depths:1)
  3 spriggan druids
  2 swamp dragons
  Pikel (D:9)
  7 deep elf archers
  A wizard (Depths:1)
  A necromancer (Depths:1)
  30 deep elf pyromancers
  12 deep elf zephyrmancers
  A phantasmal warrior (D:11)
  10 ugly things
  An orc knight (Orc:2)
  6 cyclopes
  A stone giant zombie (Depths:1)
  20 wolf spiders
  20 orb spiders
  An oklob plant (Lair:2)
  A fire giant zombie (Depths:1)
  10 orc sorcerers
  2 will-o-the-wisps
  13 elephants
  13 black mambas
  A torpor snail (Lair:4)
  A guardian serpent (Lair:6)
  2 moths of wrath
  An eye of devastation (shapeshifter) (Depths:1)
  A gargoyle (D:12)
  20 cane toads
  A cane toad (shapeshifter) (Elf:2)
  Psyche (D:12)
  3 yaktaurs (D:15)
  5 freezing wraiths
  9 demonic crawlers
  15 tengu conjurers
  8 komodo dragons
  2 rime drakes
  A polar bear (Lair:4)
  8 trolls
  2 bloated husks
  8 tyrant leeches
  11 hornets
  27 jumping spiders
  17 blink frogs
  4 slime creatures (D:14)
  16 dream sheep
  3 air elementals
  4 shadows
  4 water elementals
  A centaur simulacrum (D:15)
  2 vampires (D:13)
  9 wraiths
  A redback (shapeshifter) (Elf:3)
  33 tarantellas
  16 wyverns
  77 redbacks
  14 humans (D:13)
  5 basilisks
  39 yaks
  4 fire elementals
  Grum (D:10)
  8 vampire mosquitoes
  A hog (shapeshifter) (D:15)
  6 hogs (Lair:6)
  3 swamp worm simulacra (Swamp:4)
  7 wargs
  18 swamp worms
  2 acid dragons
  9 hydra simulacra (Swamp:4)
  16 water moccasins
  4 ice beasts
  27 orc warriors
  2 black bears
  5 swamp drakes
  A deep troll simulacrum (Depths:1)
  11 ogres
  3 necrophages
  14 centaurs
  9 wolves (D:10)
  3 lemures (D:9)
  7 bullfrogs
  An earth elemental (Elf:2)
  A wyvern zombie (D:5)
  A scorpion (D:7)
  2 water moccasin skeletons (D:5)
  19 killer bees
  3 wights (D:8)
  2 howler monkeys
  6 electric eels
  A bullfrog zombie (D:7)
  3 centaur zombies
  4 hounds
  3 jellies
  3 gnoll shamans
  2 bullfrog skeletons (D:6)
  10 orc priests
  Crazy Yiuf (D:3)
  3 centaur skeletons
  2 iguanas
  42 orc wizards
  2 hell rats (Lair:2)
  2 killer bee zombies (D:7)
  17 gnolls
  3 adders (D:3)
  9 river rats
  A white imp (D:5)
  An ufetubus (D:7)
  5 swamp drake simulacra (Swamp:4)
  2 worms
  2 dart slugs
  94 orcs
  8 endoplasms
  2 giant cockroaches
  8 hobgoblins
  9 jackals (D:1)
  6 quokkas
  5 ball pythons
  9 bats
  2 frilled lizards
  3 goblins (D:1)
  7 kobolds
  18 rats
  3 bushes (Lair:2)
1251 creatures vanquished.

Vanquished Creatures (collateral kills)
  Jorgrun (Orc:1)
  An entropy weaver (Spider:3)
  3 bunyips (Swamp:3)
  A deep elf death mage (Elf:3)
  An eleionoma (Swamp:3)
  A fire dragon (Depths:1)
  2 statues (WizLab)
  A dancing weapon (Elf:2)
  A ghost crab (Swamp:3)
  An alligator (Swamp:2)
  A deep elf knight (Elf:3)
  An iron troll (Depths:1)
  A bog body (Swamp:2)
  A deep troll (Depths:1)
  2 swamp dragons
  A deep elf zephyrmancer (Elf:2)
  A cane toad (shapeshifter) (Elf:3)
  A demonic crawler (Spider:3)
  A tengu conjurer (WizLab)
  7 jumping spiders
  3 tyrant leeches
  2 hornets
  2 tarantellas (Spider:3)
  12 redbacks
  A spriggan (Swamp:3)
  2 humans (D:13)
  A vampire mosquito (Swamp:1)
  2 swamp worms
  3 hydra simulacra (Swamp:4)
  An orc warrior (Orc:2)
  An orc priest (Orc:2)
  An orc (Orc:2)
61 creatures vanquished.

Vanquished Creatures (others)
  A deep troll (Depths:1)
  A tyrant leech (Swamp:1)
  A hornet (Swamp:3)
  A quokka (D:12)
  6 foxfires (Swamp:1)
  73 fungi
  112 plants
195 creatures vanquished.

Grand Total: 1507 creatures vanquished

Notes
Turn   | Place    | Note
-------+----------+-------------------------------------------
     0 | D:1      | Mesmaeker13 the Deep Elf Ice Elementalist began the quest
                  | for the Orb.
     0 | D:1      | Reached XP level 1. HP: 10/10 MP: 6/6
   406 | D:1      | Reached XP level 2. HP: 10/15 MP: 5/8
   507 | D:1      | You fall into a shaft and drop 1 floor!
   730 | D:3      | Noticed an ice beast
   939 | D:1      | Reached XP level 3. HP: 17/19 MP: 7/10
   952 | D:1      | Learned a level 3 spell: Frozen Ramparts
  1952 | D:2      | You fall into a shaft and drop 1 floor!
  1953 | D:3      | Noticed an ice beast
  2005 | D:3      | Reached skill level 5 in Ice Magic
  2030 | D:3      | Reached skill level 1 in Shields
  2030 | D:3      | Reached XP level 4. HP: 21/24 MP: 4/12
  2162 | D:2      | Found Peurr's Magic Scroll Shoppe.
  2189 | D:2      | Found Paomess's Antique Armour Emporium.
  3065 | D:4      | Learned a level 3 spell: Ozocubu's Armour
  3147 | D:4      | Noticed a necrophage
  3165 | D:4      | Killed a necrophage
  3166 | D:4      | Reached skill level 5 in Spellcasting
  3166 | D:4      | Reached XP level 5. HP: 19/28 MP: 3/14
  3546 | D:4      | Found a white marble altar of Elyvilon.
  4100 | D:4      | Found a basalt altar of Yredelemnul.
  4200 | D:5      | Entered Level 5 of the Dungeon
  4206 | D:5      | Learned a level 4 spell: Hailstorm
  4221 | D:5      | Reached XP level 6. HP: 32/32 MP: 11/16
  4863 | D:5      | Reached skill level 1 in Conjurations
  5102 | D:5      | Identified the +7 hunting sling "Koumm" {freeze, Contam
                  | *Slow rPois rC+++}
  5492 | D:5      | Noticed a water moccasin
  5497 | D:5      | Killed a water moccasin
  5498 | D:5      | Reached XP level 7. HP: 29/36 MP: 6/18
  7128 | D:7      | Noticed a wyvern
  7135 | D:7      | Killed a wyvern
  7136 | D:7      | Reached XP level 8. HP: 17/41 MP: 10/20
  7611 | D:7      | Got the Incunabulum of Earthen Contamination
  7614 | D:7      | Learned a level 1 spell: Sandblast
  7739 | D:7      | Found Boly's Lightly-Used Armoury.
  7974 | D:7      | Found a blossoming altar of Fedhas.
  7982 | D:7      | Found a sacrificial altar of Ru.
  7983 | D:7      | Found a hazy altar of Hepliaklqana.
  7987 | D:7      | Found a shimmering altar of Xom.
  8080 | D:7      | Reached skill level 1 in Earth Magic
  8313 | D:7      | Found a staircase to the Ecumenical Temple.
  9322 | D:5      | Reached skill level 5 in Conjurations
  9627 | D:3      | Found a runed translucent door.
  9628 | D:3      | Noticed Crazy Yiuf
  9783 | D:3      | Reached XP level 9. HP: 41/45 MP: 23/23
  9972 | D:3      | Found a faded altar of an unknown god.
 10066 | D:3      | Killed Crazy Yiuf
 10650 | D:8      | Found Fotasut's Antique Armour Emporium.
 11039 | D:8      | Found a bloodstained altar of Trog.
 11171 | D:8      | Found a sparkling altar of Nemelex Xobeh.
 11336 | D:8      | Reached skill level 5 in Dodging
 11641 | D:8      | Reached skill level 10 in Spellcasting
 12008 | D:9      | Learned a level 5 spell: Freezing Cloud
 12107 | D:9      | Got the Almanac of the Traveller
 12276 | D:9      | Reached skill level 1 in Air Magic
 12276 | D:9      | Reached XP level 10. HP: 50/50 MP: 20/26
 13054 | D:8      | Noticed a rust devil
 13054 | D:8      | Noticed a rust devil
 13394 | D:9      | Noticed Pikel
 13466 | D:9      | Killed Pikel
 14021 | Temple   | Entered the Ecumenical Temple
 14044 | Temple   | Became a worshipper of Vehumet
 14158 | D:10     | Entered Level 10 of the Dungeon
 14363 | D:10     | Reached skill level 10 in Ice Magic
 14678 | D:10     | Noticed a two-headed ogre
 14685 | D:10     | Killed a two-headed ogre
 15157 | D:10     | Found a staircase to the Lair.
 15249 | D:10     | Reached XP level 11. HP: 54/54 MP: 15/27
 15339 | D:10     | Noticed Grum
 15347 | D:10     | Reached * piety under Vehumet
 15347 | D:10     | Offered knowledge of Magic Dart by Vehumet.
 15353 | D:10     | Killed Grum
 15638 | Lair:1   | Entered Level 1 of the Lair of Beasts
 15778 | Lair:1   | Reached skill level 5 in Air Magic
 17235 | Lair:2   | Noticed an oklob plant
 17645 | Lair:2   | Reached skill level 10 in Conjurations
 17860 | Lair:2   | Reached skill level 10 in Dodging
 17860 | Lair:2   | Reached XP level 12. HP: 59/59 MP: 19/28
 18181 | Lair:2   | Noticed a six-headed hydra
 18181 | Lair:2   | Noticed an eight-headed hydra
 18480 | Lair:2   | Killed an eight-headed hydra
 18491 | Lair:2   | Killed a six-headed hydra
 18567 | Lair:2   | Found a staircase to the Swamp.
 19076 | Lair:3   | Identified the +6 scale mail of Grottiness {Rampage rF+
                  | Dex+10 Stlth-}
 19160 | Lair:3   | Noticed Sonja
 19204 | Lair:3   | Killed Sonja
 19425 | Lair:3   | Reached ** piety under Vehumet
 19584 | Lair:3   | Offered knowledge of Poisonous Vapours by Vehumet.
 19616 | Lair:3   | Found a hole to the Spider Nest.
 19918 | Lair:3   | Learned a level 2 spell: Sublimation of Blood
 20006 | Lair:4   | Reached skill level 1 in Necromancy
 20118 | Lair:4   | Found a gate leading to a gauntlet.
 20128 | Gauntlet | Entered a Gauntlet
 20128 | Gauntlet | Found a transporter.
 20137 | Gauntlet | Found a transporter.
 20142 | Gauntlet | Found a transporter.
 20142 | Gauntlet | Found a transporter.
 20143 | Gauntlet | Found a transporter.
 20145 | Gauntlet | Found a transporter.
 20151 | Gauntlet | Found a transporter.
 20153 | Gauntlet | Found a transporter.
 20170 | Gauntlet | Found a transporter.
 20173 | Gauntlet | Found a transporter.
 20181 | Gauntlet | Found a transporter.
 20188 | Gauntlet | Found a transporter.
 20345 | Lair:4   | Reached skill level 1 in Fighting
 20462 | Lair:4   | Found a runed translucent door.
 20621 | Lair:4   | Noticed Rupert
 20642 | Lair:5   | Reached skill level 2 in Necromancy
 20733 | Lair:5   | Noticed a four-headed hydra
 20745 | Lair:5   | Killed a four-headed hydra
 20909 | Lair:5   | Reached skill level 3 in Necromancy
 20913 | Lair:5   | Reached XP level 13. HP: 51/66 MP: 27/29
 21269 | Lair:5   | Offered knowledge of Stone Arrow by Vehumet.
 21280 | Lair:5   | Reached skill level 4 in Necromancy
 21810 | Lair:5   | Found a staircase to the Slime Pits.
 22083 | Lair:6   | Entered Level 6 of the Lair of Beasts
 22100 | Lair:6   | Reached *** piety under Vehumet
 22430 | Lair:6   | Reached skill level 5 in Necromancy
 23048 | Lair:6   | Offered knowledge of Airstrike by Vehumet.
 23057 | Lair:6   | Learned a level 4 spell: Airstrike
 23103 | Lair:6   | Noticed Snorg
 23564 | Lair:6   | Killed Snorg
 23565 | Lair:6   | Reached skill level 6 in Necromancy
 24616 | Lair:6   | Reached **** piety under Vehumet
 24659 | Lair:6   | Noticed Kirke
 24667 | Lair:6   | Reached XP level 14. HP: 69/76 MP: 26/31
 24700 | Lair:6   | Killed Kirke
 24870 | Lair:4   | Killed Rupert
 24871 | Lair:4   | Reached skill level 7 in Necromancy
 25034 | Lair:4   | Identified the +1 robe of a wizard's laboratory {rN+}
 25080 | Lair:4   | Offered knowledge of Yara's Violent Unravelling by Vehumet.
 25287 | Lair:4   | Reached skill level 5 in Fighting
 25449 | Lair:1   | Identified a scroll of acquirement
 25450 | Lair:1   | Acquired 599 gold pieces
 26538 | D:11     | Found a staircase to the Orcish Mines.
 27480 | Orc:1    | Entered Level 1 of the Orcish Mines
 27481 | Orc:1    | Noticed an orc warlord
 27499 | D:11     | Killed an orc warlord
 27609 | Orc:1    | Noticed Erica
 27841 | Orc:1    | Killed Erica
 27842 | Orc:1    | Reached skill level 8 in Necromancy
 27904 | Orc:1    | Noticed Josephine
 27911 | Orc:1    | Killed Josephine
 28312 | Orc:1    | Noticed Harold
 28331 | Orc:1    | Killed Harold
 28902 | Orc:2    | Entered Level 2 of the Orcish Mines
 28902 | Orc:2    | Noticed Jorgrun
 29081 | Orc:1    | Killed Jorgrun
 29124 | Orc:2    | Reached ***** piety under Vehumet
 29127 | Orc:2    | Noticed Donald
 29178 | Orc:1    | HP: 2/79 [Donald (23)]
 29522 | Orc:1    | Learned a level 6 spell: Simulacrum
 29549 | Orc:2    | Offered knowledge of Sticky Flame by Vehumet.
 29735 | Orc:2    | Noticed an orc warlord
 29752 | Orc:2    | Killed an orc warlord
 29769 | Orc:2    | Found a staircase to the Elven Halls.
 30678 | Orc:2    | Found Nebbyklu's Armour Boutique.
 30678 | Orc:2    | Found Cugife's Antique Weapon Shoppe.
 30837 | Orc:2    | Reached skill level 9 in Necromancy
 31356 | Orc:2    | Reached XP level 15. HP: 84/84 MP: 29/33
 31636 | Orc:2    | Found Jurez's Magic Scroll Boutique.
 31636 | Orc:2    | Found Xaysk's Book Shoppe.
 31946 | Orc:2    | Bought a bone war axe for 280 gold pieces
 31946 | Orc:2    | Identified the +7 war axe of Recklessness {freeze, rElec
                  | rPois Str-4} (You bought it in a shop on level 2 of the
                  | Orcish Mines)
 32676 | D:12     | Noticed Psyche
 32967 | D:12     | Killed Psyche
 33251 | D:12     | Found a white marble altar of Elyvilon.
 34065 | Orc:2    | Bought the Tome of the Mountains for 330 gold pieces
 34072 | Orc:2    | Learned a level 5 spell: Borgnjor's Vile Clutch
 34653 | D:13     | Found Saonag's Antique Weapon Boutique.
 35065 | D:13     | Found a gate to the Vaults.
 35233 | D:13     | Offered knowledge of Fulminant Prism by Vehumet.
 35440 | D:13     | Noticed Urug
 35446 | D:13     | Killed Urug
 35447 | D:13     | Reached skill level 10 in Necromancy
 35804 | D:13     | Reached skill level 5 in Earth Magic
 37087 | Swamp:1  | Entered Level 1 of the Swamp
 37116 | Swamp:1  | Reached skill level 10 in Air Magic
 38374 | Swamp:1  | Acquired 1171 gold pieces
 38981 | Swamp:1  | Reached skill level 5 in Shields
 39693 | D:2      | Bought the +2 robe of Vines {NoPotionHeal Regen+++} for
                  | 2640 gold pieces
 39693 | D:2      | Found the +2 robe of Vines {NoPotionHeal Regen+++}
 40377 | Swamp:2  | Reached skill level 11 in Necromancy
 40486 | Swamp:2  | Identified the +0 tower shield "Suallos" {rC+}
 40486 | Swamp:2  | Noticed Louise
 40494 | Swamp:2  | Killed Louise
 40858 | Swamp:2  | Reached XP level 16. HP: 90/90 MP: 24/35
 40925 | Swamp:2  | Offered knowledge of Orb of Destruction by Vehumet.
 41497 | Swamp:3  | Noticed Nikola
 41508 | Swamp:3  | Killed Nikola
 41746 | Swamp:2  | Upgraded the game from 0.28-a0-32-g8dfe7f97f6 to
                  | 0.28-a0-43-g560ac104fe
 42034 | Swamp:3  | Reached skill level 12 in Necromancy
 42611 | Swamp:4  | Entered Level 4 of the Swamp
 43611 | Swamp:4  | Identified the ring "Dics" {Fly rC+ Int+5 Slay+2}
 43698 | Swamp:4  | Noticed a thorn hunter
 43713 | Swamp:4  | Killed a thorn hunter
 44113 | Swamp:4  | Offered knowledge of Bolt of Magma by Vehumet.
 44993 | Swamp:4  | Got a decaying rune of Zot
 46185 | D:14     | Identified the +2 flail of the Realm of Zot {speed, rElec
                  | Str-3 Int+2}
 46470 | D:15     | Entered Level 15 of the Dungeon
 46562 | D:15     | Found a staircase to the Depths.
 46595 | D:15     | Reached skill level 13 in Necromancy
 46691 | D:15     | Reached XP level 17. HP: 67/94 MP: 29/36
 46779 | D:15     | Found a runed translucent door.
 46780 | D:15     | Found a runed translucent door.
 46811 | D:15     | Noticed Himuttisk's ghost (adept DESu)
 46811 | D:15     | Noticed a lich
 47559 | Spider:1 | Entered Level 1 of the Spider Nest
 48451 | Spider:1 | Reached skill level 10 in Earth Magic
 48695 | Spider:1 | Got Jydd's Almanac of Contamination and Necromancy
 49091 | Spider:1 | Offered knowledge of Iron Shot by Vehumet.
 51436 | Orc:2    | Bought the +1 leather armour of the Game Afoot {Dex+4 SInv
                  | Stlth+} for 411 gold pieces
 51738 | Spider:3 | Offered knowledge of Conjure Ball Lightning by Vehumet.
 52079 | Spider:3 | Noticed Arachne
 52095 | Spider:3 | Killed Arachne
 52314 | Spider:3 | Reached skill level 14 in Necromancy
 53227 | Spider:3 | Noticed Roxanne
 54056 | Spider:4 | Entered Level 4 of the Spider Nest
 56146 | Spider:4 | Reached XP level 18. HP: 100/100 MP: 25/37
 57320 | Spider:4 | Got a gossamer rune of Zot
 57682 | Lair:1   | Learned a level 4 spell: Leda's Liquefaction
 57779 | Elf:1    | Entered Level 1 of the Elven Halls
 58306 | Elf:1    | Offered knowledge of Maxwell's Capacitive Coupling by
                  | Vehumet.
 59796 | Elf:2    | Reached skill level 15 in Necromancy
 59939 | Elf:2    | Found a runed translucent gate.
 59940 | Elf:2    | Found a runed translucent gate.
 59941 | Elf:2    | Found a runed translucent gate.
 60465 | Elf:2    | Reached skill level 10 in Shields
 60615 | Elf:2    | Paralysed by an air elemental for 1 turns
 62583 | Elf:3    | Entered Level 3 of the Elven Halls
 62823 | Elf:3    | Found a runed translucent door.
 62824 | Elf:3    | Found a shimmering altar of Xom.
 62824 | Elf:3    | Noticed Deep1's ghost (adept DECj)
 62832 | Elf:3    | Reached ****** piety under Vehumet
 63772 | Elf:3    | Found Qonoetown's Antique Weapon Shop.
 63776 | Elf:3    | Paralysed by an air elemental for 1 turns
 63777 | Elf:3    | Offered knowledge of Lehudib's Crystal Spear by Vehumet.
 63777 | Elf:3    | Offered knowledge of Chain Lightning by Vehumet.
 63777 | Elf:3    | Offered knowledge of Ignition by Vehumet.
 63908 | Elf:3    | Noticed an Ice Fiend
 63909 | Elf:3    | Reached XP level 19. HP: 104/104 MP: 34/38
 64082 | Elf:3    | Reached skill level 16 in Necromancy
 64416 | Elf:3    | Identified the +5 glaive "Cento" {venom, Dex+4}
 66040 | Elf:3    | Got An Initiation to Theurgy
 66288 | Elf:3    | Killed Deep1's ghost
 67130 | Vaults:1 | Entered Level 1 of the Vaults
 67208 | Depths:1 | Entered Level 1 of the Depths
 67208 | Depths:1 | Found a magical portal.
 67298 | WizLab   | Entered Iskenderun's Mystic Tower
 67304 | WizLab   | Learned a level 4 spell: Iskenderun's Mystic Blast
 67353 | WizLab   | Learned a level 4 spell: Summon Ice Beast
 67597 | WizLab   | HP: 1/104 [purple draconian/bolt of dispelling energy (16)]
 71496 | WizLab   | Reached skill level 17 in Necromancy
 71728 | WizLab   | Got Iskenderun's Tome of Confrontation
 71728 | WizLab   | Got Iskenderun's Handbook of Attacks
 71969 | Depths:1 | Found a gateway to a ziggurat.
 72180 | Depths:1 | Identified the ring "Ydghuara" {Str+4 Int+6}
 72547 | Depths:1 | Found a shimmering altar of Xom.
 72548 | Depths:1 | Found a shimmering altar of Xom.
 72548 | Depths:1 | Found a shimmering altar of Xom.
 72549 | Depths:1 | Found a shimmering altar of Xom.
 72550 | Depths:1 | Found a shimmering altar of Xom.
 72602 | Depths:1 | Reached XP level 20. HP: 109/109 MP: 31/40
 72612 | Depths:1 | Reached skill level 15 in Spellcasting
 73452 | Depths:1 | Found a gateway to Hell.
 73581 | Depths:1 | Slain by a spark wasp

Illustrated notes

Levels and vault maps discovered:
D:1:      tarquinn_simple_flora_water_d, layout_basic, columned_hall_lemuel,
          lemuel_old_faithful
D:2:      layout_rooms, serial_shops, nicolae_square_shop, nicolae_diamond_shop
D:3:      layout_loops_ring, shapermc_ecumenical_altar_venn,
          uniq_crazy_yiuf_cottage
D:4:      layout_basic, kennysheep_ying_yang
D:5:      lemuel_ratsnest, layout_basic
D:6:      layout_gridville
D:7:      layout_loops_ring, minitemple, minmay_temple_entry_enclosed_plants,
          kennysheep_flooded_box, nrook_loot_triangle, minmay_shop_damaged,
          minmay_holes
D:8:      cheibrodos_iron_armory, layout_loops_corners,
          mainiacjoe_overflow_catwalk_spiral, serial_shops,
          nicolae_shop_statue_plus, feat_on_display
D:9:      layout_layer_cave, feat_on_display, uniq_pikel
D:10:     layout_irregular_city, erik_lair_island, uniq_grum
D:11:     layout_irregular_city, erik_orc_2
D:12:     layout_loops_ring, elyvilon_altar_4, uniq_psyche
D:13:     layout_irregular_city, david_vaults_3, serial_shops,
          nicolae_shop_competitors_out_of_business
D:14:     layout_basic, serial_curves, eino_curves_01, eino_curves_04
D:15:     grunt_enter_depths_giant_problem, layout_cave_pools, minivault_25,
          muffindrake_ghost_dual_entry
Temple:   jpeg_temple_clearing
Lair:1:   layout_cave_shapes, nicolae_quartered_pool_super, serial_bayou_pond_e,
          grunt_megastairs_2
Lair:2:   layout_roguey, palyth_hydra_swamp_entry, minmay_lair_oklob_bushes,
          kennysheep_rathole, serial_bayou_shore_b
Lair:3:   layout_regular_city, nicolae_spider_entry_orb_guardian, uniq_sonja
Lair:4:   layout_loops_ring, gauntlet_entry_generic, pf_torpor_hydra,
          uniq_rupert
Lair:5:   layout_loops_ring, dpeg_slime_entry_corner
Lair:6:   hangedman_lair_tendril_chambers, layout_hall_layers,
          small_statue_intersection, st_stairs_8, infiniplex_staircase_pool,
          uniq_snorg, uniq_kirke
Swamp:1:  layout_basic_swamp, serial_swamp_ruin, evilmike_swamp_ruin_house_3,
          evilmike_swamp_ruin_house_6, swamp_pool5
Swamp:2:  layout_basic_swamp, evilmike_swamp_ruin_house_2, uniq_louise
Swamp:3:  layout_basic_swamp, evilmike_swamp_ruin_wall, swamp_pool3, uniq_nikola
Swamp:4:  swamp_icy, layout_basic_swamp, swamp_pool1,
          nicolae_swamp_well_well_well
Spider:1: layout_chambers
Spider:2: mumra_spider_spiderweb
Spider:3: layout_spider_delve, uniq_arachne, uniq_roxanne
Spider:4: grunt_spider_rune_parallel
Orc:1:    layout_caves, uniq_harold, uniq_erica, uniq_josephine
Orc:2:    st_orc_town, layout_diamond_mine, nicolae_orc_stony_grotto,
          uniq_jorgrun, uniq_donald
Elf:1:    layout_onion_city, evilmike_minifort
Elf:2:    nicolae_elf_blades_splatter_lattice
          [nicolae_blade_entry_diamond_columns], layout_geoelf_grid
Elf:3:    elf_hall, layout_onion_city, ebering_ghost_xom, serial_shops, shop
Vaults:1: nicolae_vaults_network_s, vaults_room_door_ring, v_pattern_4,
          nicolae_vaults_theta, v_misc_26, v_misc_12, vaults_dpeg_doors,
          nicolae_vaults_circle_grid_b, ontoclasm_vaults_bender,
          nicolae_vaults_little_squares_4, vaults_mumra_hexcomb,
          layout_vaults_maze_snakey
Depths:1: layout_honeycomb, enter_ziggurat_b, xom_redecorated,
          infiniplex_enter_wizlab_water, abyss_entry, hell_entry,
          lemuel_flame_loot_1, firewood_loft, infiniplex_staircase_pool_lava,
          minmay_shop_grove, serial_bayou_shore_b, serial_bayou_shore_b

Skill      XL: |  1  2  3  4  5  6  7  8  9 10 11 12 13 14 15 16 17 18 19 20 |
---------------+-------------------------------------------------------------+-----
Dodging        | 3 5 7 10 11 | 11.0
Spellcasting   | 4 5 6 7 8 10 11 12 13 14 15 | 15.1
Ice Magic      | 5 6 7 8 9 10 11 12 13 14 | 14.6
Shields        | 1 2 3 4 5 7 9 10 11 | 11.8
Conjurations   | 2 3 5 7 8 10 11 12 13 | 13.6
Earth Magic    | 3 7 9 11 13 14 | 14.6
Air Magic      | 1 4 6 8 9 10 12 13 14 | 14.3
Necromancy     | 3 6 9 11 13 14 15 17 | 17.3
Fighting       | 2 4 6 |  6.5
Stealth        | 3 |  3.1

Action                   |  1- 3 |  4- 6 |  7- 9 | 10-12 | 13-15 | 16-18 | 19-21 || total
-------------------------+-------+-------+-------+-------+-------+-------+-------++-------
Melee: Short sword       |    30 |     8 |   163 |     5 |    30 |       |       ||   236
       Spear             |       |    29 |       |       |       |       |       ||    29
       Scimitar          |       |       |       |       |    66 |       |       ||    66
       War axe           |       |       |       |       |    51 |       |       ||    51
       Hunting sling     |       |       |       |       |       |     1 |       ||     1
Throw: Dart              |       |       |    11 |     2 |     3 |     1 |       ||    17
       Throwing net      |       |       |     1 |       |       |       |       ||     1
 Cast: Freeze            |    41 |    41 |    83 |   170 |    99 |       |       ||   434
       Frozen Ramparts   |     4 |    15 |    36 |    30 |    42 |       |       ||   127
       Ozocubu's Armour  |       |     2 |    23 |    32 |    31 |       |       ||    88
       Sandblast         |       |       |    30 |    42 |   109 |       |       ||   181
       Hailstorm         |       |       |     2 |     1 |    26 |     4 |       ||    33
       Freezing Cloud    |       |       |       |    51 |   282 |   224 |    79 ||   636
       Airstrike         |       |       |       |       |    16 |   154 |    62 ||   232
       Simulacrum        |       |       |       |       |    32 |    67 |    14 ||   113
       Borgnjor's Vile C |       |       |       |       |    33 |   433 |   142 ||   608
       Sublimation of Bl |       |       |       |       |     1 |     4 |       ||     5
       Summon Ice Beast  |       |       |       |       |       |       |    52 ||    52
Evoke: Wand              |       |       |    11 |    34 |    26 |       |       ||    71
       Phantom mirror    |       |       |       |       |     1 |     1 |       ||     2
  Use: Scroll            |       |     4 |     1 |     2 |    17 |    24 |     4 ||    52
       Potion            |       |       |       |     7 |     3 |     8 |     9 ||    27
 Stab: Sleeping          |     7 |     3 |     2 |       |       |       |       ||    12
       Distracted        |       |       |     1 |       |       |       |       ||     1
       Paralysed         |       |       |       |     3 |     8 |       |       ||    11
Armor: Robe              |    14 |     8 |    72 |    40 |   122 |    63 |       ||   319
       Leather armour    |       |       |       |       |       |    57 |    10 ||    67
Dodge: Dodged            |    28 |    42 |   159 |   103 |   322 |   211 |    37 ||   902
Block: Buckler           |       |       |    91 |    57 |   163 |   105 |       ||   416
       Kite shield       |       |       |       |       |       |    41 |    40 ||    81
       Reflection        |       |       |       |       |       |     8 |     6 ||    14
       Rpst.: Scimitar   |       |       |       |       |    17 |       |       ||    17

Table legend: (Time is in decaauts)
 A = Elapsed time spent in this place.
 B = Non-inter-level travel time spent in this place.
 C = Inter-level travel time spent in this place.
 D = Time resting spent in this place.
 E = Time spent auto-exploring this place.
 F = Levels seen in this place.
 G = Mean time per level.
                   A        B        C        D        E       F      G
               +--------+--------+--------+--------+--------+-----+--------+
         Total |  74053 |  68187 |   5866 |  27766 |  24353 |  39 | 1898.8 |
       Dungeon |  26630 |  23702 |   2928 |   7734 |  11483 |  15 | 1775.3 |
        Temple |     43 |     24 |     19 |      0 |     16 |   1 |   43.0 |
          Lair |  10849 |   9482 |   1367 |   2558 |   4839 |   6 | 1808.2 |
         Swamp |   7474 |   7140 |    334 |   3358 |   1640 |   4 | 1868.5 |
   Spider Nest |   9687 |   9178 |    509 |   4354 |   1673 |   4 | 2421.8 |
  Orcish Mines |   4333 |   3891 |    442 |   1644 |   1149 |   2 | 2166.5 |
   Elven Halls |   8440 |   8176 |    264 |   3942 |   2579 |   3 | 2813.3 |
        Vaults |      1 |      1 |      0 |      0 |      0 |   1 |    1.0 |
        Depths |   1728 |   1728 |      0 |    538 |    804 |   1 | 1728.0 |
        Wizlab |   4661 |   4661 |      0 |   3637 |    170 |   1 | 4661.0 |
      Gauntlet |    200 |    200 |      0 |      0 |      0 |   1 |  200.0 |
               +--------+--------+--------+--------+--------+-----+--------+

Top non-repeatable levels by time:
  WizLab: 4661 daAuts
   Elf:3: 3665 daAuts
    D:11: 3443 daAuts
Spider:3: 3334 daAuts
   Orc:2: 2963 daAuts
   Elf:2: 2922 daAuts
    D:12: 2694 daAuts
 Swamp:1: 2496 daAuts
 Swamp:4: 2463 daAuts
Spider:1: 2425 daAuts
Spider:4: 2384 daAuts
  Lair:6: 2371 daAuts
  Lair:2: 2250 daAuts
  Lair:1: 2170 daAuts
     D:9: 2070 daAuts
